AoeStats
← fatcat15513

Black Forest

504550787Analyzed
4v4 RM · 26d ago on Sep 5, 2026· 56m 19s· 8 players
Game mode
Random Map
Map size
Large (8 player)
Population
200
Speed
Normal
Resources
Standard
Victory
Conquest
Starting age
Dark Age
Ending age
Imperial Age
RankedLock teamsTeams togetherTeam positionsShared explorationLock speedFull tech treeHidden civsTurbo modeCheats
Victory
Defeat
🇦🇺 Celts · Australia
1398
+8
🇩🇪 Wei · Germany
1258
+14
🇫🇷 Mongols · France
1186
+16
🇬🇧 Persians · United Kingdom
1157
+17
🇹🇼 Britons · Taiwan
1265
-16
🇨🇳 Persians · China
1232
-15
🇯🇵 Teutons · Japan
1189
-13
🇹🇼 Sicilians · Taiwan
1137
-11
TheLastOne
4:09 Loom
10:37 Feudal Age
11:56 Double-Bit Axe
14:12 Castle Age
13:22 Horse Collar
21:59 Wheelbarrow
22:59 Bow Saw
22:54 Heavy Plow
25:43 Gold Mining
25:44 Stone Mining
28:56 Imperial Age
28:47 Hand Cart
28:18 Town Watch
29:34 Scale Barding Armor
30:33 Chemistry
29:41 Elite War Elephant
30:42 Conscription
31:29 Gold Shaft Mining
31:29 Stone Shaft Mining
31:16 Chain Barding Armor
32:03 Forging
34:19 Plate Barding Armor
33:07 Cavalier
33:50 Husbandry
34:01 Bloodlines
35:32 Iron Casting
35:50 Capped Ram
37:55 Blast Furnace
36:46 Siege Ram
38:50 Fletching
39:43 Hoardings
39:53 Hoardings
40:01 Bodkin Arrow
40:55 Murder Holes
41:21 Ballistics
41:12 Masonry
44:32 Two-Man Saw
46:18 Architecture
46:17 Caravan
46:56 Citadels
48:38 Pikeman
50:41 Crop Rotation
kibusi
1:13 Loom
14:05 Feudal Age
19:02 Castle Age
17:18 Double-Bit Axe
17:15 Horse Collar
22:49 Wheelbarrow
27:22 Gold Mining
27:55 Scale Barding Armor
28:01 Forging
31:00 Fletching
34:14 Imperial Age
31:30 Town Watch
32:11 Bloodlines
32:42 Chain Barding Armor
32:32 Forging
32:28 Pikeman
33:08 Squires
33:12 Bodkin Arrow
33:17 Padded Archer Armor
33:18 Scale Mail Armor
34:22 Gambesons
34:23 Arson
34:18 Cavalier
35:37 Plate Barding Armor
35:37 Iron Casting
35:32 Hand Cart
35:17 Town Patrol
35:45 Scale Mail Armor
35:47 Caravan
35:58 Guilds
35:59 Stone Mining
36:58 Heavy Plow
36:27 Onager
37:07 Fishing Lines
38:21 Bow Saw
37:43 Paladin
39:47 Blast Furnace
39:03 Chain Mail Armor
39:26 Crop Rotation
39:00 Halberdier
39:08 Siege Onager
41:04 Gillnets
51:35 Two-Man Saw
fatcat15513
11:33 Feudal Age
15:18 Castle Age
13:52 Double-Bit Axe
14:18 Horse Collar
17:09 Bow Saw
19:50 Loom
20:39 Fishing Lines
23:59 Wheelbarrow
23:39 Heavy Plow
24:52 Gold Mining
26:42 Gold Shaft Mining
25:58 Stone Mining
30:10 Imperial Age
28:05 Pikeman
29:01 Scale Mail Armor
29:11 Forging
30:56 Ballistics
30:28 Fletching
31:48 First Crusade
32:25 Hand Cart
31:55 Town Watch
33:32 Capped Ram
35:34 Chemistry
35:30 Stone Shaft Mining
35:23 Onager
35:25 Siege Ram
36:35 Elite Serjeant
37:12 Halberdier
38:42 Chain Mail Armor
38:37 Forging
39:00 Elite Skirmisher
39:53 Arrowslits
40:13 Siege Engineers
40:04 Murder Holes
40:19 Masonry
46:22 Plate Mail Armor
46:27 Iron Casting
46:03 Town Patrol
46:42 Squires
46:28 Arson
46:28 Gambesons
46:05 Man-at-Arms
46:45 Bodkin Arrow
47:19 Caravan
50:46 Long Swordsman
52:45 Two-Handed Swordsman
55:57 Blast Furnace
54:58 Bracer
LocalMomsHelper
0:33 Loom
11:31 Feudal Age
15:29 Castle Age
14:04 Double-Bit Axe
14:03 Horse Collar
16:12 Wheelbarrow
18:54 Bow Saw
18:56 Town Watch
20:30 Fishing Lines
24:44 Gillnets
29:41 Imperial Age
27:09 Fletching
30:29 Padded Archer Armor
30:58 Bodkin Arrow
32:03 Bracer
34:10 Leather Archer Armor
35:48 Ring Archer Armor
35:38 Elite Longbowman
37:58 Ballistics
38:38 Chemistry
38:55 Siege Engineers
40:58 Warwolf
42:17 Caravan
42:52 Conscription
44:15 Yeomen
56:09 Squires
55:55 Arson
56:11 Scale Mail Armor
56:21 Forging
Oden
5:19 Loom
11:31 Feudal Age
18:13 Castle Age
17:15 Double-Bit Axe
19:43 Bow Saw
22:32 Fishing Lines
24:39 Horse Collar
27:12 Wheelbarrow
31:16 Imperial Age
29:26 Fletching
29:36 Padded Archer Armor
29:46 Gold Mining
29:59 Heavy Plow
30:19 Town Watch
30:50 Hand Cart
31:01 Ballistics
31:48 Bodkin Arrow
32:09 Leather Archer Armor
32:06 Bloodlines
31:57 Husbandry
31:49 Elite Mangudai
32:49 Bracer
35:18 Chemistry
35:07 Light Cavalry
37:13 Parthian Tactics
36:20 Hussar
39:41 Scale Barding Armor
39:47 Forging
44:57 Conscription
47:26 Chain Barding Armor
Crackhörnchen
1:41 Loom
12:06 Feudal Age
17:54 Castle Age
16:09 Double-Bit Axe
16:31 Horse Collar
17:26 Gold Mining
18:46 Bow Saw
18:38 Heavy Plow
26:18 Forging
35:19 Imperial Age
34:55 Wheelbarrow
34:45 Fletching
35:31 Iron Casting
35:04 Scale Barding Armor
37:33 Conscription
38:58 Blast Furnace
38:31 Bloodlines
38:23 Husbandry
39:11 Heavy Hei Guang Cavalry
44:05 Bodkin Arrow
55:30 Caravan
56:22 Chain Barding Armor
happytony2009
9:41 Loom
12:29 Feudal Age
13:36 Double-Bit Axe
16:43 Castle Age
16:19 Fishing Lines
16:29 Horse Collar
17:36 Wheelbarrow
17:22 Bow Saw
17:48 Gillnets
18:52 Heavy Plow
22:43 Hand Cart
23:54 Gold Mining
23:56 Stone Mining
25:49 Stone Shaft Mining
25:53 Gold Shaft Mining
26:49 Scale Barding Armor
26:55 Forging
26:54 Murder Holes
29:32 Imperial Age
28:35 Bloodlines
28:26 Husbandry
27:46 Light Cavalry
29:51 Devotion
30:13 Chain Barding Armor
30:29 Iron Casting
29:23 Elite War Elephant
29:27 Capped Ram
29:53 Pikeman
30:34 Squires
30:19 Gambesons
30:20 Arson
29:59 Heavy Camel Rider
32:46 Two-Man Saw
32:27 Kamandaran
32:48 Conscription
31:59 Siege Ram
33:21 Crop Rotation
33:41 Plate Barding Armor
33:31 Citadels
34:28 Blast Furnace
35:11 Hoardings
34:14 Halberdier
35:05 Fletching
35:16 Scale Mail Armor
36:44 Chemistry
35:55 Masonry
36:42 Faith
36:46 Ballistics
36:28 Bodkin Arrow
37:46 Coinage
37:27 Guilds
37:17 Caravan
39:35 Thumb Ring
38:51 Elite Skirmisher
38:51 Crossbowman
40:40 Banking
45:33 Architecture
Taipan
11:19 Feudal Age
12:31 Loom
15:51 Castle Age
13:58 Double-Bit Axe
17:22 Bow Saw
18:30 Horse Collar
24:02 Wheelbarrow
25:18 Hand Cart
25:40 Heavy Plow
26:27 Gold Mining
30:49 Imperial Age
28:48 Scale Mail Armor
30:03 Chain Mail Armor
29:58 Forging
29:55 Stone Mining
32:18 Plate Mail Armor
32:24 Iron Casting
31:37 Gambesons
33:11 Conscription
33:29 Arson
34:05 Pikeman
35:47 Blast Furnace
34:32 Halberdier
35:35 Onager
36:17 Fletching
36:45 Furor Celtica
37:09 Bodkin Arrow
36:58 Siege Onager
41:03 Heavy Scorpion
43:23 Siege Engineers
45:06 Chemistry
46:11 Capped Ram
46:56 Siege Ram
50:05 Coinage
Connection lost

Rejoining the realm…

Still unreachable

The connection could not be restored.

Session expired

The server has moved on; the page needs a fresh start.